[Event "41th GRE-ch Women 2018"]
[Site "Thessaloniki"]
[Date "2018.12.12"]
[Round "1"]
[White "Pavlidou, Ekaterini"]
[Black "Makka, Ioulia"]
[Result "1-0"]
[ECO "E12"]
[WhiteElo "2185"]
[BlackElo "2065"]
[Annotator "NA"]
[PlyCount "67"]
[EventDate "2018.12.12"]
[EventType "tourn"]
[EventCountry "GRE"]
[SourceTitle "playchess.com"]
[Source "ChessBase"]
[SourceQuality "1"]
[TimeControl "40/5400+30:1800+30"]

1. d4 Nf6 2. c4 e6 3. Nf3 b6 4. a3 Ba6 5. Qc2 Bb7 6. Nc3 c5 7. e4 cxd4 8. Nxd4 Nc6 9. Nxc6 Bxc6 10. Bf4 Bc5 11. O-O-O {[%emt 0:05:40] E12: Queen's Indian: Unusual White 4th moves, 4 a3, 4 Nc3 Bb7 5 a3 and 4 Nc3 Bb7} (11. Rd1 a5 12. Be2 O-O 13. O-O Qe7 14. e5 Nh5 15. Bxh5 Qh4 16. Bf3 Bxf3 17. gxf3 Qxf4 18. Qe4 Qg5+ {½-½ (73) Dzagnidze,N (2550)-Adams,M (2723) Caleta 2011}) 11... Nh5 {[%emt 0:07:42] LiveBook: 3 Games} 12. Bd2 Bxf2 $146 ({Predecessor:} 12... e5 13. Nd5 O-O 14. Bc3 Re8 15. Kb1 Nf6 16. f3 a5 17. Bd3 Rb8 18. Rhf1 d6 {½-½ (40) Kalinichev,A (2414)-Novikov,M (2500) Tula 2014}) 13. g4 ({White should try} 13. Be2 $14 Qh4 14. g3) 13... Nf6 14. Be2 $1 Bh4 15. g5 Ng8 16. Rhg1 Bf2 17. Rg2 Bc5 18. h4 a5 19. h5 Qc8 20. Bf4 Ne7 21. Rh2 Qb7 22. Kb1 f5 23. gxf6 gxf6 24. Nd5 exd5 25. exd5 Nxd5 26. cxd5 Bxd5 27. Bd3 Be7 28. Re1 Be6 29. Be4 Bd5 30. Bxd5 Qxd5 31. Rhe2 O-O 32. Rxe7 Rf7 33. Rxf7 Qxf7 34. Qg2+ {[%emt 0:00:08] Double Attack} 1-0

[Event "41th GRE-ch Women 2018"]
[Site "Thessaloniki"]
[Date "2018.12.12"]
[Round "1"]
[White "Markantonaki, Haritomeni"]
[Black "Skaraki, Antigoni"]
[Result "1/2-1/2"]
[ECO "B40"]
[WhiteElo "2152"]
[BlackElo "2012"]
[Annotator "NA"]
[PlyCount "115"]
[EventDate "2018.12.12"]
[EventType "tourn"]
[EventCountry "GRE"]
[SourceTitle "playchess.com"]
[Source "ChessBase"]
[SourceQuality "1"]
[TimeControl "40/5400+30:1800+30"]

1. e4 c5 2. Nf3 e6 3. d4 cxd4 4. Nxd4 Nf6 5. Nc3 Nc6 6. Nxc6 {[%emt 0:01:55] LiveBook: 1338 Games} bxc6 7. e5 Nd5 8. Ne4 Qc7 9. f4 Rb8 {[%emt 0:00:10] B45: Sicilian Four Knights} (9... Qb6 10. c4 Bb4+ 11. Ke2 f5 12. exf6 Nxf6 13. Be3 Qd8 14. Nd6+ Bxd6 15. Qxd6 Qe7 16. Bc5 Qf7 17. Ke3 g5 18. Be2 g4 19. Rac1 h5 20. Rc3 Qg7 21. Bd3 Kf7 22. Kd2 Re8 23. Re1 Qh6 24. Kc2 a5 25. Re5 Nh7 26. Rf5+ Kg8 27. Qe5 {1-0 (27) Vidit,S (2718)-Krasenkow,M (2671) Wijk aan Zee 2018}) 10. c4 Bb4+ 11. Ke2 O-O 12. a3 Be7 $1 13. cxd5 cxd5 14. Nc3 $146 (14. Nd6 $1 $14) ({Predecessor:} 14. Nd2 f6 15. Nf3 fxe5 16. fxe5 d6 17. exd6 Qxd6 {0-1 (33) Perunovic,M (2480)-Pavlovic,M (2520) Budva 2002}) 14... f6 15. exf6 Bxf6 16. Qd3 Qa5 (16... Ba6 $15 {keeps the upper hand.} 17. Qxa6 Bxc3) 17. Kf2 $2 (17. b4 $14 {keeps the upper hand.} Rxb4 18. axb4 Qxa1 {[%mdl 64] Double Attack} 19. Bd2) 17... Qc5+ (17... Rb3 $15 18. Qc2 Qb6+ 19. Ke1 Bb7) 18. Kg3 {[%emt 0:02:35] [#]} (18. Ke1 $1 $11) 18... Rb3 $1 19. Qc2 {[%emt 0:04:34] [#]} Qb6 (19... Rxb2 $1 $17 20. Qxb2 (20. Bxb2 {is a self mate.} Qe3+ 21. Kg4 h5+ {[%mdl 64] Deflection} 22. Kxh5 Qxf4 23. h4 Be5 24. Bc1 Rf5+ 25. Qxf5 Qxf5+ 26. Bg5 g6+ 27. Kh6 Bg7#) 20... Bxc3) 20. Bd3 h5 $2 (20... Bb7 $1 $11 {and Black is okay.}) 21. h4 d6 22. Rf1 Ba6 23. Bxa6 Qxa6 24. Qxb3 Qxf1 25. Qd1 Qc4 26. Qe2 Bxc3 27. Qxe6+ Kh8 28. Be3 Bxb2 29. Rd1 Bxa3 30. Rxd5 Qe2 31. Qe7 ({Better is} 31. Kh2 $16) 31... Qg4+ 32. Kh2 Rc8 33. Qg5 Qxg5 34. Rxg5 Bc5 $11 35. Bd2 Rb8 36. Bc3 Rb7 37. f5 Kh7 38. Rxh5+ Kg8 39. Rg5 Kf8 40. h5 Be3 41. Rg6 d5 42. Be5 d4 43. Rd6 Rb5 44. h6 Bxh6 45. Bg3 Rxf5 46. Kh3 Be3 47. Kg4 Ra5 48. Kf3 Ke7 49. Rg6 Kf7 50. Rd6 Ra3 51. Ke4 Ra2 52. Kf3 Ke7 53. Rd5 a5 54. Be5 Ke6 55. Rb5 g6 56. g4 a4 57. Ke4 g5 58. Bxd4 1/2-1/2

[Event "41th GRE-ch Women 2018"]
[Site "Thessaloniki"]
[Date "2018.12.12"]
[Round "1"]
[White "Androni, Konstantina"]
[Black "Grapsa, Georgia"]
[Result "1/2-1/2"]
[ECO "A45"]
[WhiteElo "1912"]
[BlackElo "2097"]
[Annotator "NA"]
[PlyCount "80"]
[EventDate "2018.12.12"]
[EventType "tourn"]
[EventCountry "GRE"]
[SourceTitle "playchess.com"]
[Source "ChessBase"]
[SourceQuality "1"]
[TimeControl "40/5400+30:1800+30"]

1. d4 Nf6 2. Bg5 d5 3. e3 c5 4. Bxf6 gxf6 5. dxc5 e6 6. c4 {[%emt 0:01:14] LiveBook: 76 Games D00: 1 d4 d5: Unusual lines} (6. Nf3 Bxc5 7. Be2 Nc6 8. O-O O-O 9. c4 dxc4 10. Qa4 Qe7 11. Qxc4 b6 12. Nc3 Bb7 13. Qh4 Nb4 14. Rfd1 Rfd8 15. a3 Nd5 16. Nxd5 Rxd5 17. b4 Bd6 18. e4 Rxd1+ 19. Rxd1 Kg7 20. e5 {½-½ (20) Shimanov,A (2626)-Lenderman,A (2626) Saint Louis 2018}) 6... Qa5+ 7. Nc3 dxc4 8. Bxc4 Nc6 9. Nf3 Qxc5 10. Qe2 $146 ({Predecessor:} 10. Bb3 Rg8 11. O-O Qh5 12. Ne4 Qg6 13. Ng3 {1-0 (33) Turon,J (1466)-Taffijn,A (1819) LSS email 2009}) 10... Bd7 11. O-O Be7 12. Rfd1 Rd8 13. Ne4 Qb6 14. Nd6+ Kf8 15. Rd2 Na5 16. Ne4 Nxc4 17. Qxc4 Bc6 18. Rxd8+ Qxd8 19. Nc3 Rg8 20. e4 Qb6 21. Qe2 Bb4 22. Rd1 Bxc3 23. bxc3 Ke7 24. Nd4 Qc5 25. Qe3 b6 26. g3 Rc8 27. Nxc6+ Rxc6 28. Qd3 Rd6 29. Qc2 Rxd1+ 30. Qxd1 Qxc3 31. Qa4 {[%emt 0:00:24] [#]} a5 $1 32. Kg2 Qc5 $17 33. h4 h5 34. Kg1 Qc1+ 35. Kg2 Qc5 36. Kg1 Kd6 37. Qe8 Qc7 38. Qh8 Qc1+ 39. Kg2 Qc5 40. Qxf6 Qc7 1/2-1/2

[Event "41th GRE-ch Women 2018"]
[Site "Thessaloniki"]
[Date "2018.12.12"]
[Round "1"]
[White "Tsivelekidou, Evgenia"]
[Black "Nikolaidou, Eleni"]
[Result "1-0"]
[ECO "A46"]
[WhiteElo "1861"]
[BlackElo "1707"]
[Annotator "NA"]
[PlyCount "45"]
[EventDate "2018.12.12"]
[EventType "tourn"]
[EventCountry "GRE"]
[SourceTitle "playchess.com"]
[Source "ChessBase"]
[SourceQuality "1"]
[TimeControl "40/5400+30:1800+30"]

1. d4 Nf6 2. Nf3 e6 3. Bg5 h6 4. Bxf6 Qxf6 5. e4 c5 6. e5 Qd8 7. d5 exd5 8. Qxd5 d6 9. Bb5+ Bd7 (9... Nc6 $16 {is a better defense.}) 10. Qxb7 Bxb5 11. Qxa8 ({Much less strong is} 11. Qxb5+ $6 Nd7 $18) 11... d5 12. Nbd2 Be7 13. c4 dxc4 14. O-O c3 15. bxc3 Bxf1 16. Rxf1 Qc7 $18 17. Rb1 O-O 18. Rb7 Qd8 19. Qxa7 Nc6 20. Qb6 Nxe5 21. Qxd8 Nxf3+ 22. Nxf3 Rxd8 23. Rxe7 1-0

[Event "41th GRE-ch Women 2018"]
[Site "Thessaloniki"]
[Date "2018.12.12"]
[Round "1"]
[White "Petraki, Evaggelia"]
[Black "Fragkou, Eleni"]
[Result "0-1"]
[ECO "B92"]
[WhiteElo "1756"]
[BlackElo "2031"]
[Annotator "NA"]
[PlyCount "90"]
[EventDate "2018.12.12"]
[EventType "tourn"]
[EventCountry "GRE"]
[SourceTitle "playchess.com"]
[Source "ChessBase"]
[SourceQuality "1"]
[TimeControl "40/5400+30:1800+30"]

1. e4 c5 2. Nf3 d6 3. d4 cxd4 4. Nxd4 Nf6 5. Nc3 a6 6. Be2 e5 7. Nf3 h6 8. a4 {[%emt 0:00:46] LiveBook: 20 Games} Be6 {[%emt 0:01:16] B92: Sicilian Najdorf: 6 Be2} 9. O-O Be7 10. Nd2 Qc7 11. Bd3 $146 ({Predecessor:} 11. Bf3 O-O 12. Re1 Nc6 13. Nf1 Nb4 14. Ne3 Rac8 15. Re2 Rfe8 16. Rd2 Bf8 17. g3 g6 18. Bg2 Red8 19. Ra3 Qa5 20. Ra1 Qc7 21. Ra3 Qa5 22. Ra1 Qc7 23. Ra3 Qa5 {½-½ (23) Steinberg,N (2512)-Hemant,S (2348) Caleta 2018}) 11... O-O 12. Re1 Nc6 13. Nf1 Nb4 14. Ne3 Rad8 15. Qe2 Rfe8 16. Bd2 Qc6 17. Rac1 Kh8 18. Red1 Bf8 19. Be1 d5 20. exd5 Nfxd5 21. Ncxd5 Nxd5 22. Qf3 Nxe3 23. Qxc6 bxc6 24. fxe3 {[%emt 0:00:04] [#]} Bg4 $1 25. Rd2 Bc5 26. Kf2 $1 a5 $2 {[%emt 0:01:16] [#]} (26... Rd6 $15) 27. h3 (27. Be2 $1 $16 Rxd2 28. Bxd2 Bxe2 29. Kxe2) 27... Be6 28. Be4 $11 ({Better is} 28. Rdd1) 28... Rc8 29. Rdd1 f5 30. Bf3 f4 31. Bd2 Red8 32. b3 Rxd2+ 33. Ke1 Rxd1+ 34. Rxd1 fxe3 35. Ke2 g5 36. Rd3 Bf5 37. Rc3 Bd4 38. Rc4 Kg7 39. c3 Be6 40. cxd4 Bxc4+ 41. bxc4 exd4 42. Kd3 c5 43. Bd1 Rb8 44. Bc2 Rb2 45. g3 Kf6 {[%emt 0:00:39] Kxd4 Ke5+} 0-1

[Event "41th GRE-ch Women 2018"]
[Site "Thessaloniki"]
[Date "2018.12.13"]
[Round "2"]
[White "Grapsa, Georgia"]
[Black "Tsivelekidou, Evgenia"]
[Result "1/2-1/2"]
[ECO "A40"]
[WhiteElo "2097"]
[BlackElo "1861"]
[Annotator "NA"]
[PlyCount "91"]
[EventDate "2018.12.12"]
[EventType "tourn"]
[EventCountry "GRE"]
[SourceTitle "playchess.com"]
[Source "ChessBase"]
[SourceQuality "1"]
[TimeControl "40/5400+30:1800+30"]

1. d4 Nf6 2. c4 e6 3. g3 Bb4+ 4. Nd2 O-O 5. a3 Be7 6. Bg2 d5 7. Ngf3 b6 8. O-O Bb7 9. Ne5 Nbd7 10. cxd5 exd5 11. Qc2 Nxe5 ({Better is} 11... c5 $15) 12. dxe5 Nd7 13. Nf3 c5 14. h4 $11 Re8 15. Rd1 Qc8 16. Bh3 Qc6 17. Bf4 Nf8 18. Bg2 d4 19. Rac1 a5 20. Rxd4 cxd4 21. Qxc6 Bxc6 22. Rxc6 Ne6 23. Bd2 Rab8 24. Bh3 Bf8 25. Bxe6 Rxe6 26. Rc4 Rd8 27. a4 h6 28. Nxd4 Rxe5 29. Nc6 Rxe2 30. Nxd8 Rxd2 31. Rc8 g6 32. Nc6 Kg7 33. Ne5 Bc5 34. Nc4 Re2 35. Nxa5 Bxf2+ 36. Kf1 Rxb2 37. Nc4 Ra2 38. h5 Bd4 39. hxg6 Kxg6 40. Rc6+ Kg5 41. Nxb6 Bxb6 42. Rxb6 Rxa4 43. Kg2 Kg4 44. Rxh6 Ra2+ 45. Kf1 f5 46. Rf6 1/2-1/2

[Event "41th GRE-ch Women 2018"]
[Site "Thessaloniki"]
[Date "2018.12.13"]
[Round "2"]
[White "Makka, Ioulia"]
[Black "Androni, Konstantina"]
[Result "1/2-1/2"]
[ECO "B01"]
[WhiteElo "2065"]
[BlackElo "1912"]
[Annotator "NA"]
[PlyCount "109"]
[EventDate "2018.12.12"]
[EventType "tourn"]
[EventCountry "GRE"]
[SourceTitle "playchess.com"]
[Source "ChessBase"]
[SourceQuality "1"]
[TimeControl "40/5400+30:1800+30"]

1. e4 d5 2. exd5 Nf6 3. Bb5+ Bd7 4. Be2 Nxd5 5. d4 Bf5 6. Nf3 e6 7. O-O Be7 8. a3 O-O 9. c4 Nb6 10. Be3 Nc6 11. h3 Bf6 12. Nc3 $11 {[%emt 0:15:27] LiveBook: 57 Games} h5 13. b4 e5 14. d5 e4 15. Nd4 Nxd4 16. Bxd4 h4 17. Qd2 Bxd4 18. Qxd4 Re8 19. Rae1 Nd7 20. Bd1 Qf6 21. Qxf6 Nxf6 22. Re3 a5 23. Nb5 Red8 24. Bb3 c6 25. dxc6 bxc6 26. Nc3 axb4 27. axb4 Rd3 28. Bc2 Rd4 29. Bb3 Be6 30. Ne2 Rd2 31. Nf4 Rb8 32. Nxe6 fxe6 33. b5 cxb5 34. cxb5 Rxb5 35. Bxe6+ Kf8 36. Bg4 Nxg4 37. hxg4 Rb4 38. g5 Rd5 39. Rh3 Rxg5 40. Rxh4 Kf7 41. f3 Rb2 42. fxe4+ Ke6 43. Rf2 Rb1+ 44. Kh2 Re1 45. Ra2 Ke7 46. Ra7+ Ke6 47. Ra6+ Ke7 48. Ra2 Ke6 49. Rh8 Rg4 50. Ra6+ Kf7 51. Ra7+ Kg6 52. Ra6+ Kf7 53. Ra7+ Kg6 54. Ra6+ Kf7 55. Ra7+ 1/2-1/2

[Event "41th GRE-ch Women 2018"]
[Site "Thessaloniki"]
[Date "2018.12.13"]
[Round "2"]
[White "Skaraki, Antigoni"]
[Black "Fragkou, Eleni"]
[Result "0-1"]
[ECO "C47"]
[WhiteElo "2012"]
[BlackElo "2031"]
[Annotator "NA"]
[PlyCount "90"]
[EventDate "2018.12.12"]
[EventType "tourn"]
[EventCountry "GRE"]
[SourceTitle "playchess.com"]
[Source "ChessBase"]
[SourceQuality "1"]
[TimeControl "40/5400+30:1800+30"]

1. e4 e5 2. Nf3 Nc6 3. Nc3 Nf6 4. d4 exd4 5. Nxd4 Bb4 6. Nxc6 bxc6 7. Bd3 d5 8. exd5 cxd5 9. O-O O-O 10. h3 h6 11. Qf3 c6 12. Bf4 a5 13. Ne2 $11 Bc5 14. Rfe1 Re8 15. Ng3 Be6 16. Rad1 Nh7 17. Bxh6 gxh6 18. Bxh7+ Kxh7 19. Nh5 Qg5 20. Nf6+ Kg7 21. Nxe8+ Rxe8 22. h4 Qf6 23. Rd3 Qxf3 24. Rxf3 Rb8 25. b3 Rb4 26. g3 Rd4 27. Kg2 Rd2 28. c4 Rxa2 29. Rc1 Ba3 30. Rcc3 Bb4 31. Rc1 Bd2 32. cxd5 Bxd5 33. Rd1 Bxf3+ 34. Kxf3 Bb4 35. Rc1 c5 36. g4 Rb2 37. g5 Rxb3+ 38. Kg4 hxg5 39. hxg5 a4 40. f4 Ba3 41. Ra1 c4 42. f5 c3 43. f6+ Kg6 44. Ra2 Rb4+ 45. Kf3 Bb2 0-1

[Event "41th GRE-ch Women 2018"]
[Site "Thessaloniki"]
[Date "2018.12.13"]
[Round "2"]
[White "Nikolaidou, Eleni"]
[Black "Petraki, Evaggelia"]
[Result "1/2-1/2"]
[ECO "B50"]
[WhiteElo "1707"]
[BlackElo "1756"]
[Annotator "NA"]
[PlyCount "122"]
[EventDate "2018.12.12"]
[EventType "tourn"]
[EventCountry "GRE"]
[SourceTitle "playchess.com"]
[Source "ChessBase"]
[SourceQuality "1"]
[TimeControl "40/5400+30:1800+30"]

1. e4 c5 2. Nf3 d6 3. c3 Nf6 4. Bc4 e6 5. d3 a6 6. O-O b5 7. Bb3 Bb7 8. Qe2 Nbd7 9. Nbd2 Be7 10. Ng5 h6 11. Nh3 Qb6 12. a4 O-O 13. a5 Qc7 14. f4 Rfc8 15. Bc2 e5 16. Nf3 Qc6 17. fxe5 dxe5 18. Nh4 c4 19. Nf5 Bf8 20. dxc4 Qxc4 21. Qxc4 Rxc4 22. Bd3 Rc7 23. Nf2 Nc5 24. Bc2 Ncxe4 25. Nxe4 Nxe4 26. Be3 Rd7 27. Rad1 Rad8 28. Rxd7 Rxd7 29. Rd1 Rxd1+ 30. Bxd1 Nd6 31. Nxd6 Bxd6 32. g4 Kf8 33. Kf2 Ke7 34. Bb3 Bc7 35. Bc5+ Ke8 36. Bb4 g6 37. Ke3 f5 38. gxf5 gxf5 39. Be6 f4+ 40. Kf2 e4 41. Bg4 Kf7 42. b3 Be5 43. c4 Bd4+ 44. Kf1 bxc4 45. bxc4 e3 46. Ke2 Kf6 47. h4 Ke5 48. Bf8 Bg2 49. Bf3 Bxf3+ 50. Kxf3 Kf5 51. Bxh6 Bc3 52. c5 Bxa5 53. c6 Bc7 54. Bf8 a5 55. h5 Kg5 56. h6 Kg6 57. Ke2 a4 58. Kf3 Kh7 59. Ke2 Kg8 60. Bc5 Kh7 61. Bf8 Kg8 1/2-1/2

[Event "41th GRE-ch Women 2018"]
[Site "Thessaloniki"]
[Date "2018.12.14"]
[Round "3"]
[White "Fragkou, Eleni"]
[Black "Nikolaidou, Eleni"]
[Result "0-1"]
[ECO "B32"]
[WhiteElo "2031"]
[BlackElo "1707"]
[Annotator "NA RC"]
[PlyCount "64"]
[EventDate "2018.12.12"]
[EventType "tourn"]
[EventCountry "GRE"]
[SourceTitle "playchess.com"]
[Source "ChessBase"]
[SourceQuality "1"]
[TimeControl "40/5400+30:1800+30"]

1. e4 c5 2. Nf3 Nc6 3. d4 cxd4 4. Nxd4 d6 5. c4 Qb6 6. Nb5 Nf6 7. Bd3 (7. N1c3 $16) 7... Bg4 8. Qa4 a6 (8... Nd7 $5 9. Be3 Nc5 10. Bxc5 dxc5 $15) 9. Be3 Qd8 10. N5c3 Bd7 11. Qb3 Ne5 12. Nd5 Nxd5 13. exd5 Nxd3+ 14. Qxd3 b5 15. Nc3 bxc4 16. Qxc4 e5 17. dxe6 $1 fxe6 18. O-O $11 Be7 19. a4 O-O 20. Rfd1 Qc8 21. Qd3 Rb8 22. Bd4 Rb4 23. Qg3 Rf7 24. Rac1 Qb7 25. a5 e5 26. Nd5 Qxd5 27. Bc3 Rd4 28. Bxd4 exd4 29. Qd3 Bc6 30. f3 Bg5 31. Rc4 Be3+ 32. Kh1 Qxf3 0-1

[Event "41th GRE-ch Women 2018"]
[Site "Thessaloniki"]
[Date "2018.12.14"]
[Round "3"]
[White "Tsivelekidou, Evgenia"]
[Black "Makka, Ioulia"]
[Result "0-1"]
[ECO "A40"]
[WhiteElo "1861"]
[BlackElo "2065"]
[Annotator "NA RC"]
[PlyCount "126"]
[EventDate "2018.12.12"]
[EventType "tourn"]
[EventCountry "GRE"]
[SourceTitle "playchess.com"]
[Source "ChessBase"]
[SourceQuality "1"]
[TimeControl "40/5400+30:1800+30"]

1. d4 Nf6 2. c4 e6 3. g3 Bb4+ 4. Bd2 Qe7 5. Bg2 Nc6 6. e3 d5 {[%emt 0:04:44] LiveBook: 4 Games E00: Catalan Bogo-Indian (3 g3 Bb4+)} (6... O-O 7. Ne2 d5 8. O-O dxc4 9. Qc2 Bd6 10. Qxc4 e5 11. d5 Nb8 12. Nbc3 a6 13. a4 Re8 14. e4 {0-1 (64) Socko,B (2593)-Wang,Y (2690) Riadh 2017}) 7. Nf3 O-O 8. O-O b6 9. Qa4 $146 ({Predecessor:} 9. Qc2 Bb7 10. a3 Bxd2 11. Nbxd2 a5 12. Rac1 Rfd8 13. Rfd1 Rac8 14. Qb3 {½-½ (28) Urban,K (2470)-Pedzich,D (2445) Poznan 1996}) 9... Bb7 10. Ne5 Bxd2 $1 11. Nxc6 Qd7 12. Nxd2 Bxc6 13. Qc2 dxc4 14. Bxc6 Qxc6 15. Qxc4 Qd7 16. Rfd1 Rfc8 17. b4 a5 18. a3 axb4 19. axb4 Ra4 $11 20. Rxa4 Qxa4 21. Rc1 b5 22. Qb3 Nd5 23. Rb1 Qxb3 24. Rxb3 Ra8 25. e4 Ne7 26. Nb1 Ra1 27. Kg2 f5 28. Nc3 fxe4 29. Nxb5 Nd5 30. Nc3 e3 31. fxe3 Nxe3+ 32. Kf3 Nf5 33. Nb5 c6 34. g4 cxb5 35. gxf5 Rf1+ 36. Kg3 Rxf5 37. Rc3 Kf7 38. Rc7+ Kf6 39. Rb7 h6 40. h4 g6 41. Rh7 h5 42. Rh8 Rd5 43. Rf8+ Ke7 44. Rf4 Rf5 45. Re4 Kd6 46. Re3 Kd5 47. Re1 g5 48. hxg5 Rxg5+ 49. Kh3 Kxd4 50. Rxe6 Kc3 51. Re4 Rg4 52. Re5 Kxb4 53. Rxh5 Rg8 54. Rh7 Kb3 55. Rb7 b4 56. Kh4 Ka3 57. Ra7+ Kb2 58. Rb7 b3 59. Rb6 Ka2 60. Ra6+ Kb1 61. Rb6 b2 62. Rb7 Ra8 63. Kg4 Ka1 0-1

[Event "41th GRE-ch Women 2018"]
[Site "Thessaloniki"]
[Date "2018.12.14"]
[Round "3"]
[White "Petraki, Evaggelia"]
[Black "Grapsa, Georgia"]
[Result "1-0"]
[ECO "B92"]
[WhiteElo "1756"]
[BlackElo "2097"]
[Annotator "NA RC"]
[PlyCount "63"]
[EventDate "2018.12.12"]
[EventType "tourn"]
[EventCountry "GRE"]
[SourceTitle "playchess.com"]
[Source "ChessBase"]
[SourceQuality "1"]
[TimeControl "40/5400+30:1800+30"]

1. e4 c5 2. Nf3 d6 3. d4 cxd4 4. Nxd4 Nf6 5. Nc3 a6 6. Be2 e5 7. Nb3 Be7 8. Be3 Be6 9. Qd3 Nbd7 10. Nd5 Bxd5 11. exd5 Rc8 12. c4 O-O 13. O-O a5 {B92: Sicilian Najdorf: 6 Be2} (13... Ne8 14. f3 g6 15. Kh1 Ng7 16. Bg1 Bg5 17. Rad1 h5 18. Nd2 f5 19. b4 h4 20. c5 dxc5 21. d6 cxb4 {1-0 (45) Karjakin,S (2782)-Grischuk,A (2766) Paris 2018}) 14. a4 {[%emt 0:02:19] [#]} Re8 $146 ({Predecessor:} 14... b6 15. Bd2 Re8 16. Qh3 g6 17. Qe3 Bf8 18. Rfe1 Bg7 19. Rac1 Nb8 20. h4 h5 21. Qf3 {½-½ (21) Vosahlik,J (2596)-Lafarga Santorroman,D (2639) ICCF email 2007}) 15. Rfc1 Nc5 (15... g6 $11) 16. Nxc5 dxc5 17. Rf1 e4 18. Qd2 Qb6 19. Bf4 Rcd8 20. Be5 Bf8 21. Bc3 Ra8 (21... e3 $1 $11 {keeps the balance.} 22. fxe3 Ne4) 22. Rfd1 (22. Qe3 $16) 22... Nd7 23. Ra3 Bd6 24. Qg5 Ne5 25. Qf5 (25. Re1 $14) 25... Ng6 26. Rb1 $11 Qc7 27. g3 Ra6 28. Re1 Be5 29. Qxe4 Rf6 30. Bh5 Qe7 31. Bxg6 Rxg6 32. Qxe5 1-0

[Event "41th GRE-ch Women 2018"]
[Site "Thessaloniki"]
[Date "2018.12.15"]
[Round "4"]
[White "Pavlidou, Ekaterini"]
[Black "Androni, Konstantina"]
[Result "1/2-1/2"]
[ECO "A35"]
[WhiteElo "2185"]
[BlackElo "1912"]
[Annotator "NA"]
[PlyCount "216"]
[EventDate "2018.12.12"]
[EventType "tourn"]
[EventCountry "GRE"]
[SourceTitle "playchess.com"]
[Source "ChessBase"]
[SourceQuality "1"]
[TimeControl "40/5400+30:1800+30"]

1. Nf3 c5 2. c4 Nc6 3. Nc3 Nf6 4. g3 d6 5. Bg2 e5 6. d3 Be7 7. O-O O-O 8. a3 Be6 9. Bg5 Qd7 10. Rb1 Ne8 11. b4 f6 12. Be3 Rb8 13. bxc5 dxc5 14. Ne1 f5 15. Qa4 Nf6 16. Bg5 Kh8 17. Nc2 f4 18. Bxf6 Bxf6 19. Rfe1 Bh3 20. Ne4 Be7 21. Bh1 Rf7 22. Qb5 Qf5 23. e3 fxg3 24. hxg3 h5 25. Kh2 h4 26. Rg1 Rbf8 27. Qxb7 Nd8 28. Qd5 Bg4 29. f3 hxg3+ 30. Rxg3 Qh5+ 31. Kg1 Bxf3 32. Bxf3 Rxf3 33. Rg2 Rh3 34. Ng3 Qg5 35. Nf1 Qh4 36. Nh2 Qh5 37. Qd7 Bg5 38. Qg4 Qxg4 39. Nxg4 Bf6 40. Rf1 Ne6 41. Rh2 Rxh2 42. Kxh2 Rd8 43. Ne1 e4 44. dxe4 Bb2 45. a4 Kg8 46. Rf2 Bc3 47. Nf3 Rb8 48. Rc2 Ba5 49. Ra2 Rb3 50. e5 Rc3 51. Nd2 Bb4 52. a5 a6 53. Kg2 Nd8 54. Kf3 Nc6 55. Ke4 Nxa5 56. e6 Kf8 57. Ne5 Ke7 58. Ndf3 Kxe6 59. Rg2 Nxc4 60. Rg6+ Ke7 61. Rxg7+ Kf8 62. Ra7 Rxe3+ 63. Kf5 Nxe5 64. Nxe5 Bc3 65. Nd7+ Ke8 66. Nxc5 Re5+ 67. Kf4 Rxc5 68. Rxa6 Ke7 69. Ke4 Be5 70. Ra7+ Ke6 71. Ra6+ Bd6 72. Kd4 Rh5 73. Ke4 Rh4+ 74. Kf3 Ke5 75. Ra5+ Kf6 76. Ra6 Rd4 77. Ke3 Rd1 78. Ke4 Ke6 79. Rc6 Ra1 80. Rb6 Ra4+ 81. Kf3 Kd5 82. Rb5+ Bc5 83. Rb1 Rd4 84. Rb3 Ke5 85. Rb5 Rf4+ 86. Kg3 Rc4 87. Kf3 Kf5 88. Rb3 Rf4+ 89. Kg3 Bf2+ 90. Kg2 Kg4 91. Rb8 Bh4 92. Rg8+ Bg5 93. Ra8 Rb4 94. Ra2 Rb3 95. Kf2 Bh4+ 96. Ke2 Bg3 97. Ra4+ Bf4 98. Re4 Kg3 99. Re8 Rb2+ 100. Kd3 Kf3 101. Kc3 Rb7 102. Kd4 Rd7+ 103. Kc4 Kg4 104. Rf8 Kf3 105. Re8 Be3 106. Rf8+ Ke2 107. Ra8 Rc7+ 108. Kd5 Rc5+ 1/2-1/2

[Event "41th GRE-ch Women 2018"]
[Site "Thessaloniki"]
[Date "2018.12.15"]
[Round "4"]
[White "Markantonaki, Haritomeni"]
[Black "Tsivelekidou, Evgenia"]
[Result "0-1"]
[ECO "B16"]
[WhiteElo "2152"]
[BlackElo "1861"]
[Annotator "NA"]
[PlyCount "106"]
[EventDate "2018.12.12"]
[EventType "tourn"]
[EventCountry "GRE"]
[SourceTitle "playchess.com"]
[Source "ChessBase"]
[SourceQuality "1"]
[TimeControl "40/5400+30:1800+30"]

1. e4 c6 2. d4 d5 3. Nd2 dxe4 4. Nxe4 Nf6 5. Nxf6+ gxf6 6. Nf3 Bg4 7. Be2 e6 8. Bf4 Bd6 9. Qd2 Qc7 10. Bg3 Nd7 11. c4 h5 12. O-O O-O-O 13. b4 Bxg3 14. fxg3 Ne5 15. Qc3 Ng6 16. Bd3 Bxf3 17. Rxf3 f5 18. Bc2 h4 19. a4 Rdg8 20. b5 hxg3 21. hxg3 c5 22. a5 Qd6 23. Rd1 cxd4 24. Rxd4 Qc5 25. Qe3 b6 26. axb6 axb6 27. Rd3 Ne5 28. Qxc5+ bxc5 29. Rde3 Nxf3+ 30. Rxf3 Kc7 31. Rb3 Kb6 32. Bd1 Ra8 33. Bf3 Ra1+ 34. Kf2 Rd8 35. Ke3 Rd4 36. Rc3 Ra4 37. Be2 Ra2 38. Bf3 f6 39. Rc1 e5 40. Bd5 Rad2 41. Rc3 Rxd5 42. cxd5 Rxd5 43. Rc1 Kxb5 44. Rf1 c4 45. Rxf5 c3 46. Rf1 Rd6 47. Ke4 Kc4 48. Kf5 c2 49. Rc1 Kc3 50. g4 Kd2 51. Rxc2+ Kxc2 52. g5 fxg5 53. Kxe5 Ra6 0-1

[Event "41th GRE-ch Women 2018"]
[Site "Thessaloniki"]
[Date "2018.12.15"]
[Round "4"]
[White "Grapsa, Georgia"]
[Black "Fragkou, Eleni"]
[Result "1-0"]
[ECO "E62"]
[WhiteElo "2097"]
[BlackElo "2031"]
[Annotator "NA"]
[PlyCount "95"]
[EventDate "2018.12.12"]
[EventType "tourn"]
[EventCountry "GRE"]
[SourceTitle "playchess.com"]
[Source "ChessBase"]
[SourceQuality "1"]
[TimeControl "40/5400+30:1800+30"]

1. d4 Nf6 2. c4 g6 3. g3 Bg7 4. Bg2 O-O 5. Nf3 d6 6. O-O Nc6 7. Nc3 e5 8. h3 exd4 9. Nxd4 Nxd4 10. Qxd4 Nd7 11. Qd2 Nc5 12. b4 Ne6 13. Bb2 Bd7 14. Rad1 a5 15. a3 axb4 16. axb4 Bc6 17. e4 f5 18. b5 Bxe4 19. Nxe4 fxe4 20. Bxg7 Kxg7 21. Bxe4 Nc5 22. Bg2 Qf6 23. b6 cxb6 24. Qxd6 Ra2 25. Qxf6+ Rxf6 26. f4 Re6 27. Rf2 Ra3 28. g4 Rc3 29. f5 gxf5 30. gxf5 Rf6 31. Rd4 Rd3 32. Rg4+ Kf8 33. Bd5 h5 34. Rg5 Rxd5 35. cxd5 Ne4 36. Rg6 Kf7 37. Rxf6+ Kxf6 38. Re2 Nc5 39. Kf1 Kxf5 40. Ke1 b5 41. Kd2 b4 42. Kc2 b6 43. d6 h4 44. Re8 Kf6 45. Re7 b5 46. Re8 Kf7 47. Re5 b3+ 48. Kb1 1-0